 Dungeon Crawl Stone Soup version 0.19-a0-860-g5c370dd (webtiles) character file.

109 Gagarin the Sneak (level 4, -2/23 HPs)
             Began as a Spriggan Assassin on July 2, 2016.
             Killed from afar by Sigmund (11 damage)
             ... with a puff of flame
             ... on level 2 of the Dungeon.
             The game lasted 00:09:45 (1971 turns).

Gagarin the Sneak (Spriggan Assassin)               Turns: 1971, Time: 00:09:47

Health: -2/23      AC:  3    Str:  7    XL:     4   Next: 59%
Magic:  5/5        EV: 18    Int: 12    God:
Gold:   45         SH:  4    Dex: 18    Spells: 0 memorised, 3 levels left

rFire  . . .     SeeInvis +     s - +0 hunting sling (curse)
rCold  . . .     Gourm    .     c - +0 robe
rNeg   . . .     Faith    .     (shield restricted)
rPois  .         Spirit   .     (helmet restricted)
rElec  .         Dismiss  .     d - +0 cloak
rCorr  .         Reflect  +     (gloves unavailable)
SustAt .         Harm     .     (boots unavailable)
MR     .....                    f - +4 amulet of reflection
Stlth  +++++.....               (no ring)
                                j - ring of stealth

@: very quick, not resistant to hostile enchantments, quite stealthy
A: unfitting armour, see invisible, herbivore 3, speed 3, slow metabolism 2
a: no special abilities


You were on level 2 of the Dungeon.
You were not hungry.

You visited 1 branch of the dungeon, and saw 2 of its levels.

You collected 45 gold pieces.

Inventory:

Hand Weapons
 a - a +2 dagger
 b - a +0 blowgun
 s - a cursed +0 hunting sling (weapon)
Missiles
 e - 5 poisoned needles
 h - 22 sling bullets (quivered)
Armour
 c - a +0 robe (worn)
 d - a +0 cloak (worn)
Jewellery
 f - a +4 amulet of reflection (around neck)
 j - a ring of stealth (left hand)
 p - a cursed amulet of inaccuracy {unknown}
 r - a cursed amulet of inaccuracy {unknown}
Scrolls
 k - 2 scrolls of identify
Potions
 i - 2 potions of degeneration {unknown}
 l - 2 potions of brilliance {unknown}
 m - a potion of haste {unknown}
 n - a potion of curing {unknown}
Comestibles
 g - 2 bread rations


   Skills:
 + Level 1.9 Fighting
 + Level 2.4 Short Blades
 + Level 3.1 Throwing
 + Level 2.6 Dodging
 + Level 7.4 Stealth


You had 3 spell levels left.
You didn't know any spells.

Dungeon Overview and Level Annotations

Branches:
Dungeon (2/15)

Altars:
The Shining One

Annotations:
D:2 Sigmund


Innate Abilities, Weirdness & Mutations

You are tiny and cannot use many weapons and most armour.
You have supernaturally acute eyesight. (SInv)
You are a herbivore.
You cover ground extremely quickly.
You need consume almost no food.


Message History

Press: ? - help, Shift-Dir - straight line, f/p - Sigmund
Aim: Sigmund, wielding a scythe and wearing a robe (severely wounded, slightly transparent)
You shoot a sling bullet.
The sling bullet closely misses Sigmund.
Sigmund is suddenly surrounded by pale red light.
Sigmund points at you and mumbles some strange words.
The puff of flame hits you!
Firing (i - inventory):
h - 24 sling bullets (quivered)
Press: ? - help, Shift-Dir - straight line, f/p - Sigmund
Aim: Sigmund, wielding a scythe and wearing a robe (severely wounded, slightly transparent)
You shoot a sling bullet. The sling bullet hits Sigmund.
Sigmund is almost dead.
Firing (i - inventory):
h - 23 sling bullets (quivered)
Press: ? - help, Shift-Dir - straight line, f/p - Sigmund
Aim: Sigmund, wielding a scythe and wearing a robe (almost dead, slightly transparent)
You shoot a sling bullet.
The sling bullet closely misses Sigmund.
Sigmund casts a spell at you. The puff of flame hits you!
You die...

# #.).)## #.###...#.### # #*
##)#### #.# #.....# ## (## #...#
#.###.#.### #. #(### #...#
#....##.####### .((.#
#...########.#.###.....###
..#.####.........##...# #.....#..
..#..(.(.(.(...#.##.### #.....##.
......)......@........###.....##.
.##...)........#@.#.#÷........#..
###.##.#....####..#.#.........###
....##.#...>......#........†..# #
######.#....#####.###......#..# #
#.#....## #.###......#.## #
#.......####.....##.#...# #
#...........#######.#.### #
###.....#####...## #.#...# #
#.....#.# #.....# #.....##


You could see Sigmund (invisible).

Vanquished Creatures
  Jessica (D:2)
  Robin (D:2)
  An adder (D:2)
  2 worms (D:2)
  A giant gecko (D:2)
  3 giant cockroaches
  15 goblins
  7 hobgoblins
  2 jackals (D:1)
  5 kobolds (D:1)
  5 bats
  4 giant newts
  7 rats
54 creatures vanquished.

Notes
Turn   | Place    | Note
-------+----------+-------------------------------------------
     0 | D:1      | Gagarin the Spriggan Assassin began the quest for the Orb.
     0 | D:1      | Reached XP level 1. HP: 10/10 MP: 2/2
    84 | D:1      | Reached skill level 6 in Stealth
   251 | D:1      | Reached XP level 2. HP: 14/14 MP: 3/3
   883 | D:2      | Reached XP level 3. HP: 18/18 MP: 4/4
  1022 | D:2      | Noticed Jessica
  1033 | D:2      | Killed Jessica
  1304 | D:2      | Reached XP level 4. HP: 23/23 MP: 5/5
  1305 | D:2      | Reached skill level 7 in Stealth
  1306 | D:2      | Noticed Robin
  1327 | D:2      | Killed Robin
  1488 | D:2      | Found a glowing golden altar of the Shining One.
  1750 | D:2      | Noticed Sigmund
  1971 | D:2      | Killed from afar by Sigmund

Vault maps used:
D:1:      roderic_crop_circles_arrival_large, st_stairs_7, minivault_26,
          kennysheep_flooded_box
D:2:      first_bread, nicolae_tso_carved_into_rock, uniq_sigmund, uniq_jessica,
          uniq_robin

Skill      XL: |  1  2  3  4 |
---------------+-------------+-----
Stealth        | 6 7 |  7.4
Dodging        | 2 |  2.6
Throwing       | 3 |  3.1
Fighting       | |  1.9
Short Blades   | |  2.4

Action                   |  1- 3 |  4- 6 || total
-------------------------+-------+-------++-------
Melee: Dagger            |    47 |    23 ||    70
 Fire: Blowgun           |    31 |    14 ||    45
       Hunting sling     |       |    17 ||    17
  Use: Scroll            |       |     4 ||     4
 Stab: Sleeping          |    12 |     4 ||    16
       Distracted        |     1 |     1 ||     2
Armor: Robe              |     5 |     1 ||     6
Dodge: Dodged            |    40 |     5 ||    45
